cohdb
Replays
Latest Replays
All Replays
Popular Replays
Top Player Replays
Match Explorer
How It Works
Community
CoH3 Stats
Reddit
Sign in to upload your games and track your stats! →
Sign in with Steam
Match 45517306
Unlisted
Match 45517306
Overview
Messages
Build Orders
End
Construct Barracks
Selects Special Operations Battlegroup
Riflemen Squad
Riflemen Squad
M1 Mortar Team
Mechanized Support Center
Riflemen Squad
Construct Motor Pool
M16 Multiple Gun Motor Carriage
Selects Raiding Flares
Selects M29 Weasel with M1 Pack Howitzer
Grenade Package
M3 75 mm Gun Motor Carriage
Raiding Flares
M1918 Browning Automatic Rifles
Engineer Squad
Construct Medical Station
Raiding Flares
Selects SSF Commando Squad
SSF Commando Squad
Raiding Flares
.30 cal Machine Gun
SSF Commando Squad
Raiding Flares
Construct Tank Depot
Raiding Flares
M18 Hellcat Tank Destroyer
1206806576
Ee
wxz110
HOTDOGXX
chmod 777
NosVidentiumTe
TheGreatHamDangler
GAI BAR
0
0
Comments
sign in to comment!
No comments posted yet!